 Dungeon Crawl Stone Soup version bcrawl-1.40.3b (webtiles) character file.

Game seed: 1644443461568422315

459760 Galewind the Devastator (level 12, -13/62 HPs)
             Began as an Avariel Conjurer on Feb 12, 2024.
             Mangled by a death scarab (21 damage)
             ... in a Gauntlet on Feb 17, 2024.
             The game lasted 00:11:02 (10101 turns).

Galewind the Devastator (Avariel Conjurer)         Turns: 10101, Time: 00:11:02

Health: -13/62     AC: 11    Str:  6      XL:     12   Next: 35%
Magic:  22/42      EV: 18    Int: 29 (30) God:
Gold:   721        SH:  0    Dex: 21      Spells: 36/42 levels left

rFire    . . .     GDR:     32% w - +5 hand axe of Nogac {vamp, *Corrode rElec Dex+8 SInv}
rCold    . . .     SeeInvis +   (no shield)
rNeg     . . .     Gourm    .   s - +1 troll leather armour {Purgy}
rPois    +         Faith    .   i - +2 helmet of Zirholag {rPois Int+3}
rElec    +         Spirit   .   (no cloak)
rCorr    +         Reflect  .   (no gloves)
MR       +....     NoTele   +   K - +2 pair of boots {Stlth++}
Stlth    ++........             o - amulet of magic regeneration
HPRegen  0.60/turn              v - ring of resist corrosion
MPRegen  0.54/turn              u - ring of magical power

@: flying quickly and evasively, slowed, very slow
A: able to fly
a: Stop Flying


You were in a Gauntlet.
You were full.

You visited 3 branches of the dungeon, and saw 12 of its levels.
You also visited: Gauntlet.

You collected 721 gold pieces.

Inventory:

Hand Weapons
 w - the +5 hand axe of Nogac (weapon) {vamp, *Corrode rElec Dex+8 SInv}
   (You found it on level 6 of the Dungeon)

   It inflicts no extra harm, but heals its wielder when it wounds a living foe.
   It affects your dexterity (+8).
   It insulates you from electricity.
   It lets you see invisible.
   It may corrode you when you take damage.
Missiles
 r - a throwing net {=f}
Armour
 i - the +2 helmet of Zirholag (worn) {rPois Int+3}
   (You found it on level 8 of the Dungeon)

   It affects your intelligence (+3).
   It protects you from poison.
 s - a +1 troll leather armour (worn) {Purgy}
 K - a +2 pair of boots of stealth (worn)
Jewellery
 n - an uncursed ring of poison resistance
 o - an amulet of magic regeneration (around neck)
 u - a ring of magical power (right hand)
 v - a ring of resist corrosion (left hand)
Wands
 p - a wand of polymorph (8)
 y - a wand of paralysis (9)
 C - a wand of iceblast (6)
 F - a wand of acid (4)
Scrolls
 b - 6 scrolls of remove curse
 d - 4 scrolls of enchant armour
 g - 7 scrolls of teleportation
 k - a scroll of enchant weapon
 l - 2 scrolls of amnesia
 x - a scroll of fog
 E - a scroll of fear {unknown}
Potions
 a - a potion of agility
 c - 4 potions of magic
 f - 2 potions of lignification
 h - 5 potions of heal wounds
 j - 3 potions of mutation
 q - 2 potions of brilliance
 t - 4 potions of curing {unknown}
 B - a potion of flight {unknown}
 G - a potion of ambrosia {unknown}
 H - a potion of might {unknown}
 I - 2 potions of invisibility {unknown}
Comestibles
 e - 7 rations {!d}


   Skills:
 + Level 2.3 Fighting
 + Level 5.4 Dodging
 - Level 2.1 Stealth
 + Level 15.7 Spellcasting
 + Level 16.6 Conjurations
 + Level 0.5 Evocations


You had 36 spell levels left.
You knew the following spells:

 Your Spells              Type           Power        Failure   Level  Hunger
a - Magic Dart            Conj           ####         0%          1    None
b - Searing Ray           Conj           #######.     0%          2    None
c - Iskenderun's Mystic   Conj           #######.     0%          3    None

Your spell library contained the following spells:

 Spells                   Type           Power        Failure   Level  Hunger
 Dazzling Orbs            Conj/Hex       ######.      1%          3    None
 Fulminant Prism          Conj/Hex       ######....   1%          4    None
 Slow                     Hex            ###.....     3%          1    None
 Summon Small Mammal      Summ           ###.         3%          1    None
 Irradiate                Conj/Tmut      ######....   3%          5    None
 Call Imp                 Summ           ###...       4%          2    None
 Ensorcelled Hibernation  Hex/Ice        ###...       4%          2    None
 Call Canine Familiar     Summ           ###.....     10%         3    None
 Confuse                  Hex            ###.....     10%         3    None
 Tukima's Dance           Hex            ###.....     10%         3    None
 Cause Fear               Hex            ###.......   32%         4    None
 Summon Ice Beast         Ice/Summ       ###.....     32%         4    None
 Summon Lightning Spire   Summ/Air       ###.....     65%         5    None


Dungeon Overview and Level Annotations

Branches:
Dungeon (9/12)             Temple (1/1) D:4            Lair (2/6) D:9
  Swamp: Lair:2-4    Shoals: Lair:2-4     Snake: Lair:2-4    Spider: Lair:2-4
    Orc: D:8-11

Altars:
Ashenzari
Cheibriados
Dithmenos
Elyvilon
Fedhas
Gozag
Hepliaklqana
Kikubaaqudgha
Lugonu
Makhleb
Nemelex Xobeh
Okawaru
Qazlal
Ru
Sif Muna
Trog
Uskayaw
Vehumet
Wu Jian
Xom
Yredelemnul
Zin
The Shining One

Shops:
D:5 %(}

Annotations:
Gauntlet 5 transporters


Innate Abilities, Weirdness & Mutations

You can fly continuously.


Message History

Aiming: Iskenderun's Mystic Blast (safe; 0% risk of failure)
Press: ? - help, Shift-Dir - straight line, f/p - death scarab
Aim: a death scarab The orb of energy misses the death scarab.
The death scarab bites you!!
* * * LOW HITPOINT WARNING * * *
The death scarab drains your vigour!
You feel as though you will be slow longer.
The death scarab draws strength from your injuries!
The hippogriff barely misses you. The hippogriff closely misses you.
The hippogriff claws you but does no damage.
Casting: Iskenderun's Mystic Blast (safe; 0% risk of failure)
Confirm with . or Enter, or press ? or * to list all spells.
Aiming: Iskenderun's Mystic Blast (safe; 0% risk of failure)
Press: ? - help, Shift-Dir - straight line, f/p - death scarab
Aim: a death scarab The orb of energy hits the death scarab!
The death scarab is moderately damaged.
The death scarab bites you!!
You die...

.###########...###########.#.#..#
.#.......w.#...#.....h.§.#.#.#...
.#.#.....#.#...#.#.H.###.#.######
.#..#####..#...#...###...#.......
.#..##.##..#...#.###..†#.########
.#....©....#...#†#..©###.#.......
.#..##.##..#...#...###...#.......
.#..#####..#...#s#.#...#.#..#####
.#.#.....#.#...#@#...#.#.#..#
.#..$(©=...#...#.H.!©$=..#..#
.###########...###########..#
............................#
............8⌠8............8#
#############################
#.©.... ....©.# #....... .......#
#####.## ##.#####


You could see a torpor snail, a hippogriff and a death scarab.

Vanquished Creatures
  A hydra (Lair:2)
  2 two-headed ogres
  An ogre mage (D:9)
  A queen ant (Gauntlet)
  A death scarab (Gauntlet)
  A centaur warrior (D:9)
  Pikel (D:6)
  A black mamba (Lair:2)
  2 cane toads (Lair:2)
  A komodo dragon (Lair:2)
  A troll (D:9)
  A polar bear (Gauntlet)
  Prince Ribbit (Lair:1)
  Grinder (D:3)
  11 blink frogs
  A hippogriff (Lair:2)
  A wyvern (D:9)
  6 yaks (Lair:2)
  4 vampire mosquitoes (D:9)
  A chaos spawn (Gauntlet)
  A neqoxec (Gauntlet)
  2 hungry ghosts
  2 crocodiles (Lair:2)
  Duvessa (D:4)
  5 porcupines
  3 water moccasins
  2 sky beasts (D:8)
  4 soldier ants (Gauntlet)
  Purgy (D:3)
  An orc warrior (D:9)
  2 slaves (D:6)
  3 ice beasts
  3 ogres
  A necrophage (D:7)
  A phantom (D:3)
  2 wolves (D:9)
  3 kobold brigands
  2 bullfrogs
  A water moccasin zombie (D:8)
  Dowan (D:4)
  5 centaurs
  A water moccasin skeleton (D:7)
  2 scorpions
  5 killer bees (D:8)
  A howler monkey (D:7)
  An electric eel (D:9)
  An orc priest (D:5)
  3 bullfrog zombies
  3 crimson imps
  3 quasits
  4 hounds
  A bullfrog skeleton (D:8)
  2 orc wizards (D:5)
  A jelly (D:9)
  Jessica (D:3)
  3 iguanas
  8 worker ants
  Ijyb (D:4)
  A killer bee zombie (D:6)
  2 worker ant zombies
  A howler monkey zombie (D:6)
  Robin (D:2)
  4 gnolls (D:4)
  3 adders
  A howler monkey skeleton (D:4)
  4 worms
  4 dart slugs
  5 leopard geckos
  23 orcs
  8 bats
  6 giant cockroaches
  15 goblins
  7 hobgoblins
  6 jackals
  6 quokkas
  2 ball pythons
  A frilled lizard (D:2)
  21 kobolds
  A quokka skeleton (D:5)
  7 rats
256 creatures vanquished.

Vanquished Creatures (others)
  A fungus (Lair:1)
1 creature vanquished.

Grand Total: 257 creatures vanquished

Notes
Turn   | Place    | Note
-------+----------+-------------------------------------------
     0 | D:1      | Galewind the Avariel Conjurer began the quest for the Orb.
     0 | D:1      | Reached XP level 1. HP: 10/10 MP: 6/6
    94 | D:1      | Reached XP level 2. HP: 7/16 MP: 0/7
   213 | D:1      | Reached skill level 6 in Conjurations
   464 | D:1      | Reached XP level 3. HP: 20/20 MP: 3/9
   467 | D:1      | Learned a level 2 spell: Searing Ray
   471 | D:1      | Learned a level 3 spell: Iskenderun's Mystic Blast
  1144 | D:2      | Reached XP level 4. HP: 18/24 MP: 0/11
  1584 | D:2      | Noticed Robin
  1686 | D:2      | Killed Robin
  1687 | D:2      | Reached skill level 7 in Conjurations
  2114 | D:3      | Reached XP level 5. HP: 28/28 MP: 6/13
  2177 | D:3      | Noticed Purgy
  2200 | D:3      | Killed Purgy
  2201 | D:3      | Reached XP level 6. HP: 31/33 MP: 5/15
  2402 | D:3      | Noticed Grinder
  2418 | D:3      | Killed Grinder
  2419 | D:3      | Reached skill level 5 in Spellcasting
  2419 | D:3      | Reached skill level 8 in Conjurations
  2591 | D:3      | Found a shadowy altar of Dithmenos.
  2649 | D:3      | Reached XP level 7. HP: 37/37 MP: 13/17
  2733 | D:3      | Noticed Jessica
  2734 | D:3      | Killed Jessica
  3296 | D:4      | Reached skill level 9 in Conjurations
  3392 | D:4      | Found a burning altar of Makhleb.
  3598 | D:4      | Noticed Duvessa
  3599 | D:4      | Noticed Dowan
  3603 | D:4      | Killed Duvessa
  3611 | D:4      | Killed Dowan
  3731 | D:4      | Reached XP level 8. HP: 42/42 MP: 20/20
  3825 | D:4      | Noticed Ijyb
  3831 | D:4      | Killed Ijyb
  3854 | D:4      | Found a staircase to the Ecumenical Temple.
  3907 | D:4      | Found an opulent altar of Gozag.
  4155 | Temple   | Entered the Ecumenical Temple
  4420 | D:5      | Entered Level 5 of the Dungeon
  4459 | D:5      | Found a hide-covered altar of Uskayaw.
  4598 | D:5      | Reached skill level 10 in Conjurations
  4790 | D:5      | Found Hesmojui's Antique Weapon Shoppe.
  4804 | D:5      | Found Xixezup's Gadget Emporium.
  4949 | D:5      | Found Ateqemn's Food Shoppe.
  4962 | D:5      | Found an ornate altar of the Wu Jian Council.
  4978 | D:5      | Found an ancient bone altar of Kikubaaqudgha.
  5062 | D:5      | Found a sparkling altar of Nemelex Xobeh.
  5106 | D:5      | Found a stormy altar of Qazlal.
  5404 | D:6      | Noticed Pikel
  5410 | D:6      | Killed Pikel
  5411 | D:6      | Reached skill level 11 in Conjurations
  5411 | D:6      | Gained mutation: You can fly continuously. [Avariel growth]
  5411 | D:6      | Reached XP level 9. HP: 46/46 MP: 10/24
  5531 | D:6      | Found a bloodstained altar of Trog.
  5531 | D:6      | Found a radiant altar of Vehumet.
  5531 | D:6      | Found a shimmering blue altar of Sif Muna.
  5532 | D:6      | Found a basalt altar of Yredelemnul.
  5532 | D:6      | Found a white marble altar of Elyvilon.
  5714 | D:6      | Reached skill level 10 in Spellcasting
  5717 | D:6      | Found an iron altar of Okawaru.
  6333 | D:6      | Got a brightly glowing hand axe
  6377 | D:7      | Identified the +5 hand axe of Nogac {vamp, *Corrode rElec
                  | Dex+8 SInv} (You found it on level 6 of the Dungeon)
  6789 | D:7      | Reached skill level 12 in Conjurations
  6993 | D:7      | Found a sacrificial altar of Ru.
  7166 | D:8      | Noticed a two-headed ogre
  7171 | D:8      | Killed a two-headed ogre
  7173 | D:8      | Reached XP level 10. HP: 51/51 MP: 21/27
  7500 | D:8      | Reached skill level 13 in Conjurations
  7629 | D:8      | Got a jewelled helmet
  8086 | D:9      | Noticed a two-headed ogre
  8091 | D:9      | Killed a two-headed ogre
  8092 | D:9      | Reached skill level 1 in Fighting
  8092 | D:9      | Reached skill level 14 in Conjurations
  8101 | D:9      | Reached XP level 11. HP: 56/56 MP: 1/30
  8143 | D:9      | Noticed a centaur warrior
  8153 | D:9      | Killed a centaur warrior
  8204 | D:9      | Noticed an ogre mage
  8209 | D:9      | Killed an ogre mage
  8262 | D:9      | Found a staircase to the Lair.
  8273 | Lair:1   | Entered Level 1 of the Lair of Beasts
  8321 | Lair:1   | Found a snail-covered altar of Cheibriados.
  8427 | Lair:1   | Noticed Prince Ribbit
  8428 | Lair:1   | Reached skill level 15 in Conjurations
  8434 | Lair:1   | Reached skill level 5 in Dodging
  8434 | Lair:1   | Killed Prince Ribbit
  9141 | Lair:2   | Noticed a seven-headed hydra
  9142 | Lair:2   | Reached skill level 15 in Spellcasting
  9146 | Lair:2   | Killed a seven-headed hydra
  9177 | Lair:2   | Reached skill level 16 in Conjurations
  9177 | Lair:2   | Reached XP level 12. HP: 62/62 MP: 33/33
  9457 | Lair:2   | Found a gate leading to a gauntlet.
  9510 | Gauntlet | Entered a Gauntlet
  9510 | Gauntlet | Found a transporter.
  9510 | Gauntlet | Found a transporter.
  9543 | Gauntlet | Found a transporter.
  9547 | Gauntlet | Found a transporter.
  9559 | Gauntlet | Found a transporter.
  9567 | Gauntlet | Noticed a death yak
  9576 | Gauntlet | Noticed a death scarab
  9591 | Gauntlet | Found a transporter.
  9591 | Gauntlet | Found a transporter.
  9595 | Gauntlet | Noticed a death scarab
  9605 | Gauntlet | Found a transporter.
  9605 | Gauntlet | Found a transporter.
  9605 | Gauntlet | Noticed a queen ant
  9622 | Gauntlet | Found a transporter.
  9858 | Gauntlet | Identified the +2 helmet of Zirholag {rPois Int+3} (You
                  | found it on level 8 of the Dungeon)
  9988 | Gauntlet | Killed a queen ant
 10063 | Gauntlet | Killed a death scarab
 10101 | Gauntlet | Mangled by a death scarab

Skill      XL: |  1  2  3  4  5  6  7  8  9 10 11 |
---------------+----------------------------------+-----
Conjurations   | 6 7 8 9 11 12 14 16 | 16.6
Spellcasting   | 3 4 5 7 9 11 13 15 | 15.7
Dodging        | 3 4 5 |  5.4
Fighting       | 1 2 |  2.3
Stealth        | |  2.1
Evocations     | |  0.5

Action                   |  1- 3 |  4- 6 |  7- 9 | 10-12 || total
-------------------------+-------+-------+-------+-------++-------
Melee: Unarmed           |     8 |     8 |     3 |       ||    19
       Hand axe          |       |       |       |     1 ||     1
 Cast: Magic Dart        |    58 |    41 |       |       ||    99
       Searing Ray       |       |     6 |       |     1 ||     7
       Iskenderun's Myst |       |    14 |   131 |   197 ||   342
Evoke: Wand              |       |       |       |     2 ||     2
  Use: Scroll            |     3 |       |    10 |     3 ||    16
  Eat: Chunk             |     2 |     6 |    13 |     9 ||    30
       Ration            |       |       |     2 |     2 ||     4
Armor: Robe              |     6 |    11 |       |       ||    17
       Troll leather arm |       |     2 |     6 |    19 ||    27
Dodge: Dodged            |    26 |    26 |    16 |    98 ||   166
